TOP OF THE 1ST |
Hudson Valley Renegades batting - Pitching for Aberdeen Ironbirds : LHP Freddy Gutierrez
|
Pitching: LHP Freddy Gutierrez
|
|
Batting: SHB Chris Lockart
|
0-0: Foul Ball, location: 2F 0-1: Ball 1-1: Ball 2-1: Called Strike 2-2: Foul Ball, location: 2F 2-2: Ball 3-2: Foul Ball, location: 2F 3-2: Strikes out swinging
|
Batting: RHB Chris Thorson
|
0-0: Called Strike 0-1: Swinging Strike 0-2: Strikes out swinging
|
Batting: RHB Adam Kaeser
|
0-0: Ball 1-0: Swinging Strike 1-1: Ball 2-1: Foul Ball, location: 2F 2-2: Foul Ball, location: 2F 2-2: Ball 3-2: Ground out 1-3 (Groundball, 34S, EV 66.2 MPH)
|
Top of the 1st over - 0 runs, 0 hits, 0 errors, 0 left on base; Hudson Valley 0 - Aberdeen 0 |
BOTTOM OF THE 1ST |
Aberdeen Ironbirds batting - Pitching for Hudson Valley Renegades : LHP Toshiaki Wada
|
Pitching: LHP Toshiaki Wada
|
|
Batting: RHB Mario Luna
|
0-0: Called Strike 0-1: Ball 1-1: Ball 2-1: Swinging Strike 2-2: Strikes out swinging
|
Batting: RHB Fernando Bravo
|
0-0: Ball 1-0: Ball 2-0: Foul Ball, location: 2F 2-1: Ball 3-1: Swinging Strike 3-2: Base on Balls
|
Batting: RHB Jeremy Sipe
|
0-0: Ball Fernando Bravo is caught stealing 2nd base 2-4 1-0: Ball 2-0: Ball 3-0: Base on Balls
|
Batting: RHB Scott Boyd
|
0-0: Ball Jeremy Sipe is caught stealing 2nd base 2-4
|
Bottom of the 1st over - 0 runs, 0 hits, 0 errors, 0 left on base; Hudson Valley 0 - Aberdeen 0 |
TOP OF THE 2ND |
Hudson Valley Renegades batting - Pitching for Aberdeen Ironbirds : LHP Freddy Gutierrez
|
Batting: SHB Suljo Dokic
|
0-0: Called Strike 0-1: Swinging Strike 0-2: Ball 1-2: Ball 2-2: Strikes out looking
|
Batting: RHB Eric Waugaman
|
0-0: Ball 1-0: Foul Ball, location: 2F 1-1: Fly out, F4 (Flyball, 34D, EV 93.8 MPH)
|
Batting: RHB Evan Chalarian
|
0-0: Ball 1-0: DOUBLE (Line Drive, 3D, EV 99.4 MPH)
|
Batting: RHB Kunizo Yanagisawa
|
0-0: Ball 1-0: Ball 2-0: Ground out 4-3 (Groundball, 4, EV 84.4 MPH)
|
Top of the 2nd over - 0 runs, 1 hit, 0 errors, 1 left on base; Hudson Valley 0 - Aberdeen 0 |
BOTTOM OF THE 2ND |
Aberdeen Ironbirds batting - Pitching for Hudson Valley Renegades : LHP Toshiaki Wada
|
Batting: RHB Scott Boyd
|
0-0: Fly out, F7 (Flyball, 7LS, EV 91.2 MPH)
|
Batting: LHB Justin Moore
|
0-0: Called Strike 0-1: Called Strike 0-2: Ball 1-2: Foul Ball, location: 2F 1-2: Strikes out looking
|
Batting: RHB Ronnie Cummings
|
0-0: Called Strike 0-1: Swinging Strike 0-2: Ball 1-2: Strikes out looking
|
Bottom of the 2nd over - 0 runs, 0 hits, 0 errors, 0 left on base; Hudson Valley 0 - Aberdeen 0 |
TOP OF THE 3RD |
Hudson Valley Renegades batting - Pitching for Aberdeen Ironbirds : LHP Freddy Gutierrez
|
Batting: RHB Jesus Baires
|
0-0: Foul Ball, location: 2F 0-1: Called Strike 0-2: Ball 1-2: Ball 2-2: Strikes out swinging
|
Batting: RHB Greg Grayson
|
0-0: Called Strike 0-1: Called Strike 0-2: Foul Ball, location: 2F 0-2: Ball 1-2: Strikes out swinging
|
Batting: SHB Chris Lockart
|
0-0: SINGLE (Groundball, 6MD, EV 109.4 MPH)
|
Batting: RHB Chris Thorson
|
0-0: Called Strike 0-1: Ball 1-1: Called Strike Chris Lockart steals 2nd base (no throw) 1-2: Ball 2-2: DOUBLE (Groundball, 5L, EV 97.5 MPH) Chris Lockart scores
|
Batting: RHB Adam Kaeser
|
0-0: Foul Ball, location: 2F 0-1: Ball 1-1: Ball 2-1: Fly out, F7 (Flyball, 7D, EV 81.9 MPH)
|
Top of the 3rd over - 1 run, 2 hits, 0 errors, 1 left on base; Hudson Valley 1 - Aberdeen 0 |
BOTTOM OF THE 3RD |
Aberdeen Ironbirds batting - Pitching for Hudson Valley Renegades : LHP Toshiaki Wada
|
Batting: LHB Antonio Cantu
|
0-0: Foul Ball, location: 2F 0-1: Ball 1-1: Swinging Strike 1-2: Ball 2-2: Ball 3-2: Foul Ball, location: 2F 3-2: Ground out 6-3 (Groundball, 6, EV 101.9 MPH)
|
Batting: RHB Ryan Vest
|
0-0: Ball 1-0: Foul Ball, location: 2F 1-1: Ball 2-1: Ground out 5-3 (Groundball, 56, EV 87.5 MPH)
|
Batting: SHB Tyler Myatt
|
0-0: Foul Ball, location: 2F 0-1: Ball 1-1: Swinging Strike 1-2: Strikes out swinging
|
Bottom of the 3rd over - 0 runs, 0 hits, 0 errors, 0 left on base; Hudson Valley 1 - Aberdeen 0 |
TOP OF THE 4TH |
Hudson Valley Renegades batting - Pitching for Aberdeen Ironbirds : LHP Freddy Gutierrez
|
Batting: SHB Suljo Dokic
|
0-0: Ball 1-0: Called Strike 1-1: Ball 2-1: Fly out, F6 (Popup, 6M, EV 80.0 MPH)
|
Batting: RHB Eric Waugaman
|
0-0: Ball 1-0: Called Strike 1-1: Foul Ball, location: 2F 1-2: Strikes out swinging
|
Batting: RHB Evan Chalarian
|
0-0: Swinging Strike 0-1: Swinging Strike 0-2: Strikes out looking
|
Top of the 4th over - 0 runs, 0 hits, 0 errors, 0 left on base; Hudson Valley 1 - Aberdeen 0 |
BOTTOM OF THE 4TH |
Aberdeen Ironbirds batting - Pitching for Hudson Valley Renegades : LHP Toshiaki Wada
|
Batting: RHB Mario Luna
|
0-0: Called Strike 0-1: Ball 1-1: Swinging Strike 1-2: Ball 2-2: Ball 3-2: SINGLE (Line Drive, 8RS, EV 87.5 MPH)
|
Batting: RHB Fernando Bravo
|
0-0: Called Strike 0-1: Swinging Strike 0-2: Ball 1-2: Foul Ball, location: 2F 1-2: Strikes out swinging
|
Batting: RHB Jeremy Sipe
|
0-0: Ball 1-0: Ball 2-0: Ball 3-0: Called Strike 3-1: Swinging Strike 3-2: Fielders Choice at 2nd, 6-4 (Groundball, 6, EV 85.0 MPH)
|
Batting: RHB Scott Boyd
|
0-0: Ball 1-0: Called Strike 1-1: Ball 2-1: Swinging Strike 2-2: Strikes out swinging
|
Bottom of the 4th over - 0 runs, 1 hit, 0 errors, 1 left on base; Hudson Valley 1 - Aberdeen 0 |
TOP OF THE 5TH |
Hudson Valley Renegades batting - Pitching for Aberdeen Ironbirds : LHP Freddy Gutierrez
|
Batting: RHB Kunizo Yanagisawa
|
0-0: Ground out 5-3 (Groundball, 56, EV 85.0 MPH)
|
Batting: RHB Jesus Baires
|
0-0: Called Strike 0-1: Ball 1-1: Ball 2-1: Foul Ball, location: 2F 2-2: Ground out 1-3 (Groundball, 13, EV 65.0 MPH)
|
Batting: RHB Greg Grayson
|
0-0: Foul Ball, location: 2F 0-1: Ball 1-1: Ball 2-1: Foul Ball, location: 2F 2-2: Strikes out swinging
|
Top of the 5th over - 0 runs, 0 hits, 0 errors, 0 left on base; Hudson Valley 1 - Aberdeen 0 |
BOTTOM OF THE 5TH |
Aberdeen Ironbirds batting - Pitching for Hudson Valley Renegades : LHP Toshiaki Wada
|
Batting: LHB Justin Moore
|
0-0: Ball 1-0: SINGLE (Flyball, 5D, EV 91.9 MPH)
|
Batting: RHB Ronnie Cummings
|
0-0: Called Strike 0-1: Fielders Choice at 2nd, 4-6 (Groundball, 4, EV 78.8 MPH)
|
Batting: LHB Antonio Cantu
|
0-0: Called Strike 0-1: Fielders Choice at 2nd, 4-6 (Groundball, 4, EV 83.8 MPH)
|
Batting: RHB Ryan Vest
|
0-0: Called Strike 0-1: Foul Ball, location: 2F 0-2: Ball 1-2: Strikes out swinging, 2-3 out at first.
|
Bottom of the 5th over - 0 runs, 1 hit, 0 errors, 1 left on base; Hudson Valley 1 - Aberdeen 0 |
TOP OF THE 6TH |
Hudson Valley Renegades batting - Pitching for Aberdeen Ironbirds : LHP Freddy Gutierrez
|
Pitching: LHP Josh Binyon
|
|
Batting: SHB Chris Lockart
|
0-0: Ball 1-0: Ball 2-0: Ball 3-0: Called Strike 3-1: Base on Balls
|
Batting: RHB Chris Thorson
|
0-0: Swinging Strike 0-1: Ball 1-1: Ball 2-1: Swinging Strike 2-2: Ball 3-2: Grounds into double play, 4-6-3 (Groundball, 4, EV 101.9 MPH)
|
Batting: RHB Adam Kaeser
|
0-0: Ball 1-0: Called Strike 1-1: Called Strike 1-2: Ball 2-2: Strikes out swinging
|
Top of the 6th over - 0 runs, 0 hits, 0 errors, 0 left on base; Hudson Valley 1 - Aberdeen 0 |
BOTTOM OF THE 6TH |
Aberdeen Ironbirds batting - Pitching for Hudson Valley Renegades : LHP Toshiaki Wada
|
Batting: SHB Tyler Myatt
|
0-0: Ball 1-0: Called Strike 1-1: Ball 2-1: Foul Ball, location: 2F 2-2: Foul Ball, location: 2F 2-2: Strikes out swinging
|
Batting: RHB Mario Luna
|
0-0: Ball 1-0: Ball 2-0: Called Strike 2-1: Ball 3-1: Foul Ball, location: 2F 3-2: Foul Ball, location: 2F 3-2: Fly out, F8 (Flyball, 8RM, EV 88.8 MPH)
|
Batting: RHB Fernando Bravo
|
0-0: Called Strike 0-1: Foul Ball, location: 2F 0-2: Foul Ball, location: 2F 0-2: Foul Ball, location: 2F 0-2: Ball 1-2: Ball 2-2: Foul Ball, location: 2F 2-2: Strikes out looking
|
Bottom of the 6th over - 0 runs, 0 hits, 0 errors, 0 left on base; Hudson Valley 1 - Aberdeen 0 |
TOP OF THE 7TH |
Hudson Valley Renegades batting - Pitching for Aberdeen Ironbirds : LHP Josh Binyon
|
Pitching: LHP Chris Brown
|
|
Batting: SHB Suljo Dokic
|
0-0: Called Strike 0-1: Foul Ball, location: 2F 0-2: Foul Ball, location: 2F 0-2: Foul Ball, location: 2F 0-2: Foul Ball, location: 2F 0-2: Ball 1-2: Ball 2-2: Ground out 3-1 (Groundball, 34, EV 100.6 MPH)
|
Batting: RHB Eric Waugaman
|
0-0: Called Strike 0-1: Called Strike 0-2: Strikes out swinging
|
Batting: RHB Evan Chalarian
|
0-0: Foul Ball, location: 2F 0-1: Ground out 3-1 (Groundball, 13, EV 83.1 MPH)
|
Top of the 7th over - 0 runs, 0 hits, 0 errors, 0 left on base; Hudson Valley 1 - Aberdeen 0 |
BOTTOM OF THE 7TH |
Aberdeen Ironbirds batting - Pitching for Hudson Valley Renegades : LHP Toshiaki Wada
|
Pitching: RHP Yang Meng
|
|
Now at 2B: Jim Erdody
|
|
Now at 3B: Evan Chalarian
|
|
Now at SS: Eric Waugaman
|
|
Batting: RHB Jeremy Sipe
|
0-0: Swinging Strike 0-1: Called Strike 0-2: Strikes out looking
|
Batting: RHB Scott Boyd
|
0-0: Ball 1-0: Swinging Strike 1-1: Swinging Strike 1-2: Strikes out swinging
|
Batting: LHB Justin Moore
|
0-0: Ball 1-0: Ball 2-0: Ball 3-0: Called Strike 3-1: Base on Balls
|
Batting: RHB Ronnie Cummings
|
0-0: Called Strike 0-1: Ball 1-1: Foul Ball, location: 2F 1-2: Strikes out swinging
|
Bottom of the 7th over - 0 runs, 0 hits, 0 errors, 1 left on base; Hudson Valley 1 - Aberdeen 0 |
TOP OF THE 8TH |
Hudson Valley Renegades batting - Pitching for Aberdeen Ironbirds : LHP Chris Brown
|
Batting: RHB Kunizo Yanagisawa
|
0-0: Ball 1-0: Called Strike 1-1: Called Strike 1-2: Ball 2-2: Strikes out looking
|
Batting: RHB Jesus Baires
|
0-0: Ball 1-0: Foul Ball, location: 2F 1-1: SINGLE (Groundball, 56S, EV 77.5 MPH) (infield hit)
|
Batting: RHB Greg Grayson
|
0-0: Ball 1-0: Called Strike 1-1: Swinging Strike 1-2: DOUBLE (Flyball, 89XD, EV 107.5 MPH) Jesus Baires to third
|
Batting: SHB Chris Lockart
|
0-0: Ball 1-0: Swinging Strike 1-1: Swinging Strike 1-2: Ball 2-2: Ball 3-2: Foul Ball, location: 2F 3-2: Strikes out swinging
|
Batting: RHB Jim Erdody
|
0-0: Ball 1-0: Called Strike 1-1: Called Strike 1-2: Ball 2-2: Ball 3-2: Strikes out swinging
|
Top of the 8th over - 0 runs, 2 hits, 0 errors, 2 left on base; Hudson Valley 1 - Aberdeen 0 |
BOTTOM OF THE 8TH |
Aberdeen Ironbirds batting - Pitching for Hudson Valley Renegades : RHP Yang Meng
|
Pitching: LHP Hugo Aquino
|
|
Pinch Hitting: RHB Ioan Biros
|
0-0: Ball 1-0: Ground out 6-3 (Groundball, 6, EV 83.8 MPH)
|
Pitching: LHP Stephen Robinson
|
|
Batting: RHB Ryan Vest
|
0-0: Ball 1-0: Ball 2-0: Ball 3-0: Base on Balls
|
Batting: SHB Tyler Myatt
|
0-0: Called Strike 0-1: Called Strike 0-2: Ball 1-2: Strikes out looking
|
Pitching: RHP Juan Estrella
|
|
Batting: RHB Mario Luna
|
0-0: Called Strike 0-1: Called Strike 0-2: Ball 1-2: Strikes out swinging
|
Bottom of the 8th over - 0 runs, 0 hits, 0 errors, 1 left on base; Hudson Valley 1 - Aberdeen 0 |
TOP OF THE 9TH |
Hudson Valley Renegades batting - Pitching for Aberdeen Ironbirds : LHP Chris Brown
|
Pitching: RHP Nick Weirick
|
|
Now in CF: Rodolfo Montes
|
|
Batting: RHB Adam Kaeser
|
0-0: Ball 1-0: Foul Ball, location: 2F 1-1: Ball 2-1: SINGLE (Groundball, 6MD, EV 103.8 MPH)
|
Batting: SHB Suljo Dokic
|
0-0: Called Strike 0-1: Foul Ball, location: 2F 0-2: Ball 1-2: 2-RUN HOME RUN (Flyball, 89XD, EV 115.0 MPH), Distance : 441 ft
|
Batting: RHB Eric Waugaman
|
0-0: Ball 1-0: Ball 2-0: Called Strike 2-1: Ground out 5-3 (Groundball, 56, EV 86.9 MPH)
|
Batting: RHB Evan Chalarian
|
0-0: Ground out 4-3 (Groundball, 4, EV 98.1 MPH)
|
Batting: RHB Kunizo Yanagisawa
|
0-0: Called Strike 0-1: SINGLE (Groundball, 6MD, EV 99.4 MPH)
|
Pinch Hitting: LHB Josh Redfern
|
0-0: Called Strike 0-1: Ball 1-1: Ball 2-1: Ground out 5-3 (Groundball, 56S, EV 82.5 MPH)
|
Top of the 9th over - 2 runs, 3 hits, 0 errors, 1 left on base; Hudson Valley 3 - Aberdeen 0 |
BOTTOM OF THE 9TH |
Aberdeen Ironbirds batting - Pitching for Hudson Valley Renegades : RHP Juan Estrella
|
Pitching: RHP Josh McMahan
|
|
Now in CF: Eddie Zamora
|
|
Batting: RHB Fernando Bravo
|
0-0: Ball 1-0: Called Strike 1-1: Ball 2-1: DOUBLE (Line Drive, 9LS, EV 87.5 MPH)
|
Batting: RHB Jeremy Sipe
|
0-0: Called Strike 0-1: Ball 1-1: Foul Ball, location: 2F 1-2: Ball 2-2: Strikes out looking
|
Batting: RHB Scott Boyd
|
0-0: Swinging Strike 0-1: Ball 1-1: Ball 2-1: Fly out, F9 (Flyball, 89D, EV 99.4 MPH)
|
Batting: LHB Justin Moore
|
0-0: Called Strike 0-1: Ball 1-1: Hit by Pitch
|
Batting: RHB Ronnie Cummings
|
0-0: Ball 1-0: Foul Ball, location: 2F 1-1: Called Strike 1-2: Foul Ball, location: 2F 1-2: Foul Ball, location: 2F 1-2: Foul Ball, location: 2F 1-2: Strikes out swinging
|
Bottom of the 9th over - 0 runs, 1 hit, 0 errors, 2 left on base; Hudson Valley 3 - Aberdeen 0 |
|